 Dungeon Crawl Stone Soup version 0.31-a0-145-g046c7d2549 (webtiles) character file.

Game seed: 5272013679399934131

55 Kenran the Slasher (level 4, -1/35 HPs)
             Began as a Human Berserker on June 6, 2023.
             Was a Believer of Trog.
             Killed from afar by an orc wizard (7 damage)
             ... with a magic dart
             ... on level 6 of the Dungeon.
             The game lasted 00:02:24 (1958 turns).

Kenran the Slasher (Human Berserker)                Turns: 1958, Time: 00:02:25

Health: -1/35      AC:  5    Str: 17    XL:     4   Next: 14%
Magic:  4/4        EV: 11    Int:  7    God:    Trog [**....]
Gold:   99         SH:  0    Dex: 15    Spells: 3/3 levels left

rFire   . . .        a - +0 falchion
rCold   . . .        (no shield)
rNeg    . . .        d - +0 ring mail
rPois   .            (no helmet)
rElec   .            (no cloak)
rCorr   .            (no gloves)
SInv    .            (no boots)
Will    .....        (no amulet)
Stlth   +            (no ring)
HPRegen 0.25/turn    (no ring)
MPRegen 0.09/turn

%: no passive effects
@: no status effects
A: no striking features
a: Renounce Religion, Berserk, Trog's Hand


You were on level 6 of the Dungeon.
You worshipped Trog.
Trog was pleased with you.
You visited 1 branch of the dungeon, and saw 4 of its levels.

You collected 99 gold pieces.

Inventory:

Hand Weapons
 a - a +0 falchion (weapon)
Armour
 d - a +0 ring mail (worn)
Scrolls
 h - a scroll of teleportation
 i - 2 scrolls of immolation {unknown}
 j - a scroll of silence
 k - a scroll of vulnerability {unknown}
Potions
 b - a potion of berserk rage {unknown}
 c - a potion of enlightenment {unknown}
 g - 3 potions of brilliance {unknown}


   Skills:
 - Level 3.0 Fighting
 + Level 4.7 Long Blades
 - Level 2.0 Armour
 - Level 2.0 Dodging


You had 3 spell levels left.
You didn't know any spells.
Your spell library was empty.

Dungeon Overview and Level Annotations

Branches:
Dungeon (3/15)

Altars:


Message History

You hit something. Something hits you.
You miss something. Something hits you.
You hit something but do no damage. Something hits you.
Something hits you but does no damage.
You closely miss something. Something hits you.
You miss something. Something hits you but does no damage.
You barely miss something. Something hits you.
You closely miss something.
You hear some strange, mumbled words.
You are confused.
You completely miss something.
You hear some strange, mumbled words.
A magic dart appears from out of thin air!
The magic dart hits you but does no damage.
You bump into the rock wall.
Something hits you.
You miss something. Something hits you.
You miss something.
You hear some strange, mumbled words.
Something tries to affect you, but you resist.
You bump into the rock wall.
You hear some strange, mumbled words.
A puff of flame appears from out of thin air!
The puff of flame hits you.
* * * LOW HITPOINT WARNING * * *
You bump into the rock wall.
You hear some strange, mumbled words.
Something tries to affect you, but you resist.
You barely miss something.
You feel less confused. Something hits you but does no damage.
You miss something. Something hits you but does no damage.
You hit something but do no damage. Something hits you.
* * * LOW HITPOINT WARNING * * *
You hit something but do no damage. Something hits you.
* * * LOW HITPOINT WARNING * * *
You closely miss something.
You hear some strange, mumbled words.
A magic dart appears from out of thin air!
The magic dart hits you!
You die...

# ####. ).....###
#......#################
#.#.##....@{.....)))...#
#################.#
#.oo.. ...o.. .###.## ..
.# ## .# #


There were no monsters in sight!

Vanquished Creatures
  An adder (D:2)
  A dart slug (D:1)
  3 orcs
  2 ball pythons
  7 endoplasms
  2 giant cockroaches (D:2)
  A goblin (D:1)
  A hobgoblin (D:1)
  3 jackals (D:1)
  3 quokkas
  4 bats
  6 kobolds
  2 rats
36 creatures vanquished.

Notes
Turn   | Place    | Note
-------+----------+-------------------------------------------
     0 | D:1      | Kenran the Human Berserker began the quest for the Orb.
     0 | D:1      | Reached XP level 1. HP: 18/18 MP: 1/1
     6 | D:1      | Noticed a black mamba
     6 | D:1      | Noticed a black bear
     6 | D:1      | Noticed a snapping turtle
     7 | D:1      | Noticed a hog
     7 | D:1      | Noticed a swamp drake
   176 | D:1      | Reached XP level 2. HP: 24/24 MP: 2/2
   801 | D:1      | Reached skill level 4 in Long Blades
   801 | D:1      | Reached XP level 3. HP: 29/29 MP: 3/3
  1724 | D:3      | Noticed a scorpion
  1725 | D:3      | Reached XP level 4. HP: 22/35 MP: 4/4
  1887 | D:3      | You fall into a shaft and drop 3 floors!
  1919 | D:6      | Reached ** piety under Trog
  1958 | D:6      | Killed from afar by an orc wizard

Illustrated notes

Levels and vault maps discovered:
D:1:      onia_arrival_zoo_common, layout_basic, dreamdust_princess_bridge
D:2:      layout_loops_ring, serial_forest, infiniplex_forest_zigzag_1,
          infiniplex_forest_lined_2, infiniplex_forest_clump_double,
          infiniplex_forest_lined_2, infiniplex_forest_lined_ring
D:3:      layout_basic, minmay_door_square
D:6:      cheibrodos_quashed, layout_loops_ring

Skill      XL: |  1  2 |
---------------+-------+-----
Long Blades    | 4 |  4.7
Fighting       | |  3.0
Armour         | |  2.0
Dodging        | |  2.0

Action                     |  1- 3 |  4- 6 || total
---------------------------+-------+-------++-------
  Melee: Falchion          |   103 |    28 ||   131
         Punch             |     2 |       ||     2
    Use: Scroll            |     3 |       ||     3
 Armour: Ring mail         |    41 |     7 ||    48
  Dodge: Dodged            |    85 |     4 ||    89

Table legend: (Time is in decaauts)
 A = Elapsed time spent in this place.
 B = Non-inter-level travel time spent in this place.
 C = Inter-level travel time spent in this place.
 D = Time resting spent in this place.
 E = Time spent auto-exploring this place.
 F = Levels seen in this place.
 G = Mean time per level.
                   A        B        C        D        E       F      G
               +--------+--------+--------+--------+--------+-----+--------+
         Total |   1969 |   1901 |     68 |    121 |   1389 |   4 |  492.2 |
       Dungeon |   1969 |   1901 |     68 |    121 |   1389 |   4 |  492.2 |
               +--------+--------+--------+--------+--------+-----+--------+

Top non-repeatable levels by time:
     D:1: 968 daAuts
     D:2: 828 daAuts
     D:3: 100 daAuts
     D:6: 72 daAuts
